 Dungeon Crawl Stone Soup version 0.31-a0-920-g28cbb04a8c (webtiles) character file.

Game seed: 1381565119767476671

2739 DocEon the Cleaver (level 9, -2/70 HPs)
             Began as a Minotaur Berserker on Oct 18, 2023.
             Was an Elder of Trog.
             Slain by an orc warrior
             ... wielding a +0 short sword
              (5 damage)
             ... on level 8 of the Dungeon.
             The game lasted 00:04:18 (5190 turns).

DocEon the Cleaver (Minotaur Berserker)             Turns: 5190, Time: 00:04:18

Health: -2/70      AC:  9    Str: 25    XL:     9   Next: 40%
Magic:  8/8        EV: 10    Int:  9    God:    Trog [****..]
Gold:   393        SH:  0    Dex: 11    Spells: 8/8 levels left

rFire   . . .        t - +7 flail of Misery {elec, Contam rPois rC+ Int+5}
rCold   + . .        (no shield)
rNeg    . . .        i - +0 scale mail
rPois   +            (helmet restricted)
rElec   .            (no cloak)
rCorr   .            b - +0 pair of gloves
SInv    .            j - +1 pair of boots
Will    ++...        (no amulet) Stlth
                     (no ring)
HPRegen 1.31/turn    (no ring)
MPRegen 0.11/turn

%: no passive effects
@: strong-willed (expiring), regenerating (expiring)
A: horns 2, retaliatory headbutt
a: Renounce Religion, Berserk, Trog's Hand, Brothers in Arms


You were on level 8 of the Dungeon.
You worshipped Trog.
Trog was greatly pleased with you.
You visited 1 branch of the dungeon, and saw 8 of its levels.

You collected 393 gold pieces.

Inventory:

Hand Weapons
 a - a +1 hand axe of flaming
 t - the +7 flail of Misery (weapon) {elec, Contam rPois rC+ Int+5}
   (You found it on level 6 of the Dungeon)

   Int+5:     It affects your intelligence (+5).
   rC+:       It protects you from cold.
   rPois:     It protects you from poison Contam: It causes magical
   contamination when unequipped.
Armour
 b - a +0 pair of gloves (worn)
 i - a +0 scale mail (worn)
 j - a +1 pair of boots (worn)
Wands
 h - a wand of mindburst (13)
 u - a wand of flame (21)
Scrolls
 d - 4 scrolls of teleportation
 k - a scroll of silence
 p - a scroll of enchant armour
Potions
 c - 3 potions of enlightenment
 e - 2 potions of heal wounds
 f - a potion of ambrosia
 g - a potion of haste
 l - 2 potions of cancellation
 m - 2 potions of lignification
 n - 2 potions of invisibility
 o - a potion of mutation
 q - a potion of berserk rage
 r - 2 potions of magic {unknown}
 s - a potion of might {unknown}


   Skills:
 - Level 3.6 Fighting
 - Level 11.7(13.3) Axes
 * Level 10.6(12.9) Maces & Flails
 - Level 2.4 Armour
 - Level 2.1 Dodging


You had 8 spell levels left.
You didn't know any spells.
Your spell library was empty.

Dungeon Overview and Level Annotations

Branches:
Dungeon (7/15)             Temple (0/1) D:5

Altars:
Elyvilon
Hepliaklqana
Okawaru
The Shining One

Shops:
D:6 :*:


Innate Abilities, Weirdness & Mutations

You have a pair of horns on your head.
You reflexively headbutt those who attack you in melee.


Message History

The orc warrior hits you with a +0 short sword.
The orc warrior hits you from afar with a +0 halberd!
* * * LOW HITPOINT WARNING * * *
There are monsters nearby!
You are too injured to fight recklessly!
Your skin crawls.
You feel strong-willed.
An orc priest comes into view. It is wielding a +0 short sword.
The orc priest shouts!
You bludgeon the orc priest!!
You kill the orc priest!
Trog accepts your kill.
You thump the orc! Lightning courses through the orc!
You kill the orc!
Trog accepts your kill.
You feel the effects of Trog's Hand fading.
The orc warrior attacks as it pursues you!
The orc warrior barely misses you.
You hit the orc warrior but do no damage.
The orc warrior is moderately wounded.
The orc warrior hits you with a +0 short sword.
* * * LOW HITPOINT WARNING * * *
You closely miss the orc warrior.
The orc warrior is moderately wounded.
An orc comes into view. It is wielding a +0 whip.
The orc warrior barely misses you. You furiously retaliate!
You headbutt the orc warrior.
You hit the orc warrior but do no damage.
The orc warrior is heavily wounded.
You barely miss the orc warrior.
The orc warrior is heavily wounded.
The orc priest miscasts a cantrip.
The orc warrior closely misses you. You furiously retaliate!
You headbutt the orc warrior. You barely miss the orc warrior.
Your headbutt misses the orc warrior.
The orc warrior is severely wounded.
The orc warrior hits you from afar with a +0 halberd!
* * * LOW HITPOINT WARNING * * *
The orc warrior hits you with a +0 short sword.
You die...

...............#..##.#
...............####
.......###.###..#.#
......## ###8####.#
......# #....#..#
.....## ##.o#.##
.....# #..oo).#
.....## ##..#o.##
......# #o...#@..#
......## ###8###...###
.......###.###.......#
.##.###............###
. #. #####........# #.
#.#.####.## #. ..##.#
.# #. #.## ### .# # .#


You could see 2 orc warriors and an orc.

Vanquished Creatures
  Erica (D:8)
  A troll (D:5)
  2 water moccasins
  3 ice beasts
  A sky beast (D:8)
  A black bear (D:6)
  A centaur (D:8)
  A phantom (D:4)
  Blork the orc (D:6)
  3 bullfrogs
  A scorpion (D:5)
  A howler monkey (D:8)
  3 orc priests
  3 hounds
  3 jellies
  2 sleepcaps
  3 iguanas
  4 orc wizards
  5 gnolls
  8 adders
  2 shadow imps (D:8)
  2 white imps (D:6)
  4 dart slugs
  25 orcs
  11 ball pythons
  8 endoplasms
  5 giant cockroaches
  4 goblins
  8 hobgoblins
  6 kobolds
  6 quokkas
  7 bats
  4 frilled lizards
  7 rats
147 creatures vanquished.

Notes
Turn   | Place    | Note
-------+----------+-------------------------------------------
     0 | D:1      | DocEon the Minotaur Berserker began the quest for the Orb.
     0 | D:1      | Reached XP level 1. HP: 19/19 MP: 0/0
    81 | D:1      | Reached skill level 4 in Axes
   164 | D:1      | Reached XP level 2. HP: 24/26 MP: 1/1
   250 | D:1      | Reached skill level 5 in Axes
   326 | D:1      | Reached ** piety under Trog
   382 | D:1      | Reached XP level 3. HP: 31/31 MP: 2/2
   765 | D:2      | Reached skill level 6 in Axes
   765 | D:2      | Reached XP level 4. HP: 39/39 MP: 3/3
   800 | D:2      | Found a faded altar of an unknown god.
  1391 | D:3      | Reached *** piety under Trog
  1847 | D:4      | Noticed a phantom
  1852 | D:4      | Killed a phantom
  1853 | D:4      | Reached skill level 7 in Axes
  1853 | D:4      | Reached XP level 5. HP: 41/45 MP: 4/4
  2349 | D:4      | Found a hazy altar of Hepliaklqana.
  2349 | D:4      | Found a white marble altar of Elyvilon.
  2415 | D:4      | Reached skill level 8 in Axes
  2680 | D:5      | Entered Level 5 of the Dungeon
  2688 | D:5      | Reached XP level 6. HP: 49/51 MP: 5/5
  2805 | D:5      | Found a staircase to the Ecumenical Temple.
  2820 | D:5      | Reached skill level 9 in Axes
  2980 | D:5      | Noticed a troll
  2987 | D:5      | Killed a troll
  2988 | D:5      | Reached skill level 10 in Axes
  2988 | D:5      | Reached XP level 7. HP: 10/57 MP: 6/6
  3529 | D:5      | Found an iron altar of Okawaru.
  3755 | D:6      | Reached skill level 11 in Axes
  3815 | D:6      | Noticed Blork the orc
  3825 | D:6      | Killed Blork the orc
  3827 | D:6      | Reached XP level 8. HP: 64/64 MP: 7/7
  3852 | D:6      | Reached **** piety under Trog
  3980 | D:6      | Identified the +7 flail of Misery {elec, Contam rPois rC+
                  | Int+5}
  4008 | D:6      | Found Bocerchyus's Book Shop.
  4035 | D:6      | Reached skill level 1 in Maces & Flails
  4085 | D:6      | Found Yzanueg's Tremendous Tomes.
  4125 | D:6      | Found Xynozig's Overcharged Wands.
  4608 | D:6      | Reached skill level 5 in Maces & Flails
  4946 | D:7      | You fall into a shaft and drop 1 floor!
  4952 | D:8      | Noticed Erica
  4964 | D:8      | Killed Erica
  4965 | D:8      | Reached XP level 9. HP: 64/70 MP: 8/8
  5015 | D:8      | Reached skill level 10 in Maces & Flails
  5070 | D:8      | Found a glowing golden altar of the Shining One.
  5190 | D:8      | HP: 3/70 [orc warrior/+0 halberd (17)]
  5190 | D:8      | Slain by an orc warrior

Illustrated notes

Levels and vault maps discovered:
D:1:      noname_arrival_rooms_in_the_neighbourhood, layout_rooms
D:2:      layout_rooms, shapermc_ecumenical_altar_hornbeckon,
          kennysheep_pointless_box, grunt_ministairs_4
D:3:      layout_basic
D:4:      layout_basic, nicolae_overflow_squiral
D:5:      layout_cave_pools, mainiacjoe_overflow_surrounded_room, temple_pool_b,
          dreamdust_gnoll_farm
D:6:      layout_loops_ring, serial_shops, nicolae_shop_statue_plus,
          grunt_ministairs_9, nicolae_shop_i_like_big_books,
          nicolae_shop_overcharged_wands, uniq_blork_the_orc
D:7:      layout_basic
D:8:      layout_layer_cave, tso_altar, serial_shops,
          nicolae_shop_advertising_works [nicolae_subvault_shop_adworks],
          pf_guarded_unrand_meek, uniq_erica, uniq_grum

Skill      XL: |  1  2  3  4  5  6  7  8  9 |
---------------+----------------------------+-----
Axes           | 4 5 6 7 8 10 11 | 11.7
Maces & Flails | 9 10 | 10.6
Fighting       | |  3.6
Armour         | |  2.4
Dodging        | |  2.1

Action                     |  1- 3 |  4- 6 |  7- 9 || total
---------------------------+-------+-------+-------++-------
  Melee: Hand axe          |    78 |   124 |    37 ||   239
         Headbutt          |     9 |    17 |    23 ||    49
         Flail             |       |       |   115 ||   115
 Invoke: Berserk           |       |     1 |     1 ||     2
         Trog's Hand       |       |       |     1 ||     1
    Use: Scroll            |       |    13 |     2 ||    15
         Potion            |       |     2 |       ||     2
   Stab: Sleeping          |       |     1 |       ||     1
 Armour: Animal skin       |    44 |    10 |       ||    54
         Scale mail        |       |    66 |   104 ||   170
         Ring mail         |       |    12 |       ||    12
  Dodge: Dodged            |    57 |    79 |    70 ||   206

Table legend: (Time is in decaauts)
 A = Elapsed time spent in this place.
 B = Non-inter-level travel time spent in this place.
 C = Inter-level travel time spent in this place.
 D = Time resting spent in this place.
 E = Time spent auto-exploring this place.
 F = Levels seen in this place.
 G = Mean time per level.
                   A        B        C        D        E       F      G
               +--------+--------+--------+--------+--------+-----+--------+
         Total |   5192 |   5061 |    131 |    750 |   3450 |   8 |  649.0 |
       Dungeon |   5192 |   5061 |    131 |    750 |   3450 |   8 |  649.0 |
               +--------+--------+--------+--------+--------+-----+--------+

Top non-repeatable levels by time:
     D:6: 1073 daAuts
     D:5: 995 daAuts
     D:4: 888 daAuts
     D:2: 695 daAuts
     D:1: 607 daAuts
     D:3: 494 daAuts
     D:8: 235 daAuts
     D:7: 201 daAuts
